 Dungeon Crawl Stone Soup version 0.20-a0-1020-g7b9e4fe (webtiles) character file.

7271 Gorglomux the Spear-Bearer (level 10, -3/91 HPs)
             Began as a Grey Draconian Chaos Knight on Apr 18, 2017.
             Slain by a fire crab (shapeshifter) (9 damage)
             ... on level 9 of the Dungeon.
             The game lasted 00:40:25 (8381 turns).

Gorglomux the Spear-Bearer (DrCK)                   Turns: 8381, Time: 00:40:25

Health: -3/91      AC: 12    Str: 14    XL:     10   Next: 89%
Magic:  9/9        EV: 15    Int: 12    God:    Xom [......]
Gold:   457        SH:  0    Dex: 15    Spells: 9/9 levels left

rFire    . . .     SeeInvis .   O - +3 quarterstaff (chaos)
rCold    . . .     Gourm    .   (shield currently unavailable)
rNeg     . . .     Faith    .   (armour unavailable)
rPois    +         Spirit   .   (helmet restricted)
rElec    .         Reflect  .   K - scarf {repulsion}
rCorr    .         Harm     .   (no gloves)
MR       +....                  (no boots)
Stlth    +.........             (no amulet)
Regen    0.3/turn               x - ring of poison resistance {rPois, !d}
MPRegen  0.2/turn               k - ring of protection from magic {MR+, !d}

@: repel missiles
A: walk through water, unfitting armour, horns 1, low mp 1, mutation resistance
2, sense surroundings 1, robust 1, unbreathing, cold-blooded, subdued magic 1,
AC +12
a: Renounce Religion


You were on level 9 of the Dungeon.
You worshipped Xom.
You were a very special plaything of Xom.
You were not hungry.

You visited 2 branches of the dungeon, and saw 10 of its levels.
You visited the Abyss 1 time.
You also visited: Sewer.

You collected 637 gold pieces.
You spent 180 gold pieces at shops.

Inventory:

Hand Weapons
 a - a +0 spear of chaos
 O - a +3 quarterstaff of chaos (weapon)
   (You took it off Crazy Yiuf on level 7 of the Dungeon)
Armour
 J - a +1 cloak of magic resistance
   (You took it off Crazy Yiuf on level 7 of the Dungeon)
 K - a scarf of repulsion (worn)
   (You bought it in a shop on level 6 of the Dungeon)
Jewellery
 k - a ring of protection from magic (right hand) {MR+, !d}
   (You found it on level 2 of the Dungeon)
 x - a ring of poison resistance (left hand) {rPois, !d}
   (You found it on level 5 of the Dungeon)
 D - a +3 ring of strength
   (You found it on level 6 of the Dungeon)
 F - an uncursed ring of ice {rC+, rF-}
   (You found it on level 6 of the Dungeon)
Wands
 i - a wand of iceblast (6/15)
   (You found it on level 2 of the Dungeon)
 m - a wand of enslavement (9/24)
   (You found it on level 3 of the Dungeon)
 q - a wand of paralysis (3/24)
   (You found it on level 3 of the Dungeon)
 v - a wand of flame (26/48)
   (You found it on level 4 of the Dungeon)
 C - a wand of random effects (19/48)
   (You found it on level 5 of the Dungeon)
 H - a wand of flame (11/48)
   (You found it on level 6 of the Dungeon)
 I - a wand of polymorph (14/24)
   (You found it on level 6 of the Dungeon)
 L - a wand of flame (32/48)
   (You took it off a hobgoblin on level 6 of the Dungeon)
Scrolls
 e - 4 scrolls of remove curse {unknown}
 f - 2 scrolls of magic mapping {unknown}
 h - 4 scrolls of immolation {unknown}
 p - a scroll of recharging {unknown}
 r - 2 scrolls of identify
 u - 4 scrolls of teleportation {unknown}
 w - 2 scrolls of fear {unknown}
 y - a scroll of enchant weapon {unknown}
 B - a scroll of noise {unknown}
 G - a scroll of vulnerability {unknown}
 M - 2 scrolls of enchant armour {unknown}
 Q - a scroll of blinking {unknown}
 R - a scroll of brand weapon {unknown}
Potions
 g - 7 potions of heal wounds
 j - 3 potions of might {unknown}
 l - 3 potions of ambrosia
 n - 4 potions of curing
 o - 6 potions of flight {unknown}
 s - 2 potions of mutation {unknown}
 t - 2 potions of haste {unknown}
 z - 2 potions of magic {unknown}
 E - 3 potions of agility {unknown}
 N - 2 potions of brilliance {unknown}
 P - a potion of berserk rage {unknown}
Books
 T - a book of Callings
   (You found it on level 9 of the Dungeon)
Comestibles
 b - 10 bread rations {@e1@e1}
 c - 8 fruits
 d - 2 royal jellies
 A - 2 meat rations {@e2@e2}
 S - 2 chunks of flesh {@w0@w0}


   Skills:
 - Level 6.1 Fighting
 - Level 11.8(13.2) Polearms
 + Level 10.1(12.4) Staves
 - Level 4.7 Dodging


You had 9 spell levels left.
You didn't know any spells.

Dungeon Overview and Level Annotations

Branches:
Dungeon (9/15)             Temple (1/1) D:4            Lair (0/6) D:9
    Orc: D:9-12

Altars:
Ashenzari
Kikubaaqudgha
Qazlal
Vehumet
Wu Jian
Xom
Yredelemnul

Shops:
D:6 *[


Innate Abilities, Weirdness & Mutations

You can walk through water.
Your dull iron-grey scales are very hard. (AC +12)
You cannot fit into any form of body armour.
You can survive without breathing.
You are cold-blooded and may be slowed by cold attacks.
You have a pair of small horns on your head.
Your magical capacity is low. (-10% MP)
You are somewhat resistant to both further mutation and mutation removal.
You passively map a small area around you.
You are robust. (+10% HP)
Your spells are a little easier to cast, but a little less powerful.


Message History

You feel genetically stable.
You now have 451 gold pieces (gained 7).
You regained 10 hp, and now have 86/91 hp.
You now have 9/9 mp.
A two-headed ogre comes into view. It is wielding two giant spiked clubs.
A two-headed ogre is nearby!
The two-headed ogre shouts in stereo!
You swing at nothing.
You swing at nothing.
You thump the two-headed ogre!
The two-headed ogre is poisoned.
Your headbutt misses the two-headed ogre.
The two-headed ogre closely misses you. The two-headed ogre barely misses you.
Xom gives a demonstration of destructive might.
The plant is outlined in light. x2; The fungus is outlined in light.
The plant is outlined in light. x2; The fungus is outlined in light. x3
The plant is outlined in light.
The fungus is outlined in light. x2
You sock the two-headed ogre!
Your headbutt misses the two-headed ogre.
You sock the two-headed ogre!
You feel better.
You tail-slap the two-headed ogre.
The two-headed ogre hits you with a giant spiked club!
The two-headed ogre hits you but does no damage.
You take 15 damage, and have 75/91 hp.
You barely miss the two-headed ogre.
Here: a two-headed ogre, wielding two giant spiked clubs (severely wounded, poisoned)
The floor, spattered with blood.
Unknown command.
You hit the two-headed ogre. You tail-slap the two-headed ogre.
The two-headed ogre misses you.
The two-headed ogre hits you with a giant spiked club!!
You take 20 damage, and have 55/91 hp.
MASSIVE DAMAGE!!
Unknown command.
Unknown command.
You hit the two-headed ogre. You freeze the two-headed ogre.
You hit the two-headed ogre.
You kill the two-headed ogre!
Your base Staves skill increases to level 10!
The fungus stops glowing.
Unknown command.
The fungus stops glowing.
Things that are here:
a giant spiked club x2
There isn't anything to butcher here.
You start resting.
The plant stops glowing.
The plant stops glowing. x2; The fungus stops glowing. x3
The fungus stops glowing.
n - 5 potions of curing (gained 1) Some of the chunks of flesh in your inventory have rotted away.
You open the door.
There is an open door here.
You now have 457 gold pieces (gained 6).
A hippogriff comes into view.
You regained 7 hp, and now have 63/91 hp.
A hippogriff is nearby!
The hippogriff screeches!
You swing at nothing.
You barely miss the hippogriff. "This is how I like it!"
You swap places with the hippogriff.
You hit the hippogriff but do no damage.
The hippogriff changes into a fire crab!
You headbutt the fire crab.
Aim: a fire crab shaped shifter (lightly wounded, chance to defeat MR: 28%)
Okay, then.
Aim: a fire crab shaped shifter (lightly wounded, chance to defeat MR: 28%)
The fire crab easily resists.
Evoking this partially-identified wand wasted a few charges.
The fire crab closely misses you. The fire crab misses you.
Okay, then.
You hit the fire crab but do no damage. The fire crab breathes flames at you.
The blast of flame engulfs you!
You take 4 damage, and have 60/91 hp.
You hit the fire crab but do no damage.
You are engulfed in blazing flames.
You take 11 damage, and have 49/91 hp.
You sock the fire crab!
The fire crab looks as sick as possible!
You are engulfed in blazing flames.
The fire crab bites you!
You are engulfed in flames!
* * * LOW HITPOINT WARNING * * *
The fire crab closely misses you.
You take 28 damage, and have 21/91 hp.
MASSIVE DAMAGE!!
You feel better.
You are engulfed in blazing flames.
* * * LOW HITPOINT WARNING * * *
Xom makes a sudden noise!
You hear the distant roaring of an enraged frog.
The fire crab closely misses you. The fire crab barely misses you.
You take 6 damage, and have 15/91 hp.
It was a potion of heal wounds.
You feel much better. The fire crab bites you!
You are engulfed in flames!
* * * LOW HITPOINT WARNING * * *
The fire crab claws you but does no damage.
You regained 5 hp, and now have 20/91 hp.
You hit the fire crab.
Your tail-slap misses the fire crab.
The fire crab bites you!
* * * LOW HITPOINT WARNING * * *
You are engulfed in flames!
You die...

.. + #........ * ..
* #....... +.
#......# , . , *
#......# ,* , ,
#.....$# *,* ,
#..(...## * * +
+.......# * , *
#...@t..# ..
#......##.# , , PP
######.##.# * *...P
, , #.##.# ##PP..
,* #.##.# #..P.. *
*#.##.########.....
,..##.#.........P.P
*
####.#..........P.
##'#...........P


You could see a fire crab shaped shifter.

Vanquished Creatures
  Erica (D:8)
  3 two-headed ogres
  Pikel (D:7)
  Joseph (D:8)
  The ghost of emiel the Ruffian, an amateur BaTm (D:4)
  A hippogriff (D:8)
  Sigmund (D:2)
  A spriggan (D:7)
  Eustachio (D:5)
  A hungry ghost (D:7)
  A naga (D:7)
  4 ice beasts
  A porcupine (D:9)
  A phantom (D:8)
  2 slaves (D:7)
  2 black bears
  A sky beast (D:8)
  A centaur (D:5)
  An ogre (D:8)
  2 big kobolds
  A bullfrog (D:6)
  4 scorpions
  A killer bee (D:5)
  6 wights
  3 howler monkeys
  A crimson imp (D:6)
  A hound (D:8)
  3 jellies
  2 bullfrog skeletons
  3 orc priests
  Crazy Yiuf (D:7)
  An orc wizard (D:5)
  4 iguanas
  7 worker ants
  A howler monkey zombie (D:9)
  A worker ant zombie (D:5)
  4 gnolls
  14 adders
  2 howler monkey skeletons
  3 river rats
  An ooze (shapeshifter) (Sewer)
  An adder zombie (D:6)
  An adder skeleton (D:5)
  A worm (shapeshifter) (D:9)
  7 worms
  3 dart slugs (D:2)
  6 leopard geckos
  15 orcs
  3 giant cockroaches
  5 goblins
  7 hobgoblins
  7 jackals
  10 kobolds
  5 quokkas
  4 ball pythons (Sewer)
  5 bats
  13 frilled lizards
  3 leopard gecko skeletons
  25 rats
213 creatures vanquished.

Vanquished Creatures (collateral kills)
  The ghost of Gorglomux the Poker, an amateur DrCK of Xom (D:3)
  2 slaves (D:7)
  2 jackals (D:3)
5 creatures vanquished.

Vanquished Creatures (others)
  A sky beast (D:7)
  A rat (D:2)
2 creatures vanquished.

Grand Total: 220 creatures vanquished

Notes
Turn   | Place    | Note
-------+----------+-------------------------------------------
     0 | D:1      | Gorglomux the Draconian Chaos Knight began the quest for the Orb.
     0 | D:1      | Reached XP level 1. HP: 19/19 MP: 1/1
    58 | D:1      | XOM: harmless Tmut miscast
    75 | D:1      | Found a shattered altar of Ashenzari.
   387 | D:1      | XOM: divination: magic mapping
   559 | D:1      | Reached XP level 2. HP: 26/26 MP: 2/2
   664 | D:1      | XOM: scenery: create altars
   790 | D:2      | Noticed Sigmund
   834 | D:2      | Found a radiant altar of Vehumet.
  1032 | D:2      | Reached XP level 3. HP: 33/33 MP: 3/3
  1058 | D:2      | XOM: divination: magic mapping
  1060 | D:2      | XOM: divination: magic mapping
  1115 | D:2      | Reached skill level 4 in Fighting
  1162 | D:2      | XOM: harmless Conj miscast
  1292 | D:2      | XOM: cloud trail
  1323 | D:2      | XOM: harmless Necr miscast
  1354 | D:2      | XOM: god gift: 51 gold pieces
  1360 | D:2      | Reached XP level 4. HP: 29/40 MP: 4/4
  1806 | D:2      | XOM: blink monster(s)
  1814 | D:2      | XOM: smoke on damage
  1817 | D:2      | Killed Sigmund
  1817 | D:2      | Reached skill level 5 in Fighting
  1817 | D:2      | Reached skill level 4 in Polearms
  1817 | D:2      | Reached skill level 3 in Dodging
  1817 | D:2      | Reached XP level 5. HP: 23/48 MP: 5/5
  1995 | D:3      | XOM: mild Necr miscast
  2106 | D:3      | Reached XP level 6. HP: 55/56 MP: 6/6
  2151 | D:3      | Noticed Gorglomux's ghost (amateur DrCK)
  2177 | D:3      | XOM: enchant monster (bad)
  2180 | D:3      | XOM: swap monsters
  2190 | D:3      | XOM: enchant monster (bad)
  2193 | D:3      | XOM: confusion (+ monsters)
  2201 | D:3      | Cast into level 1 of the Abyss (Gorglomux's ghost)
  2201 | D:3      | Escaped the Abyss
  2201 | D:3      | XOM: revert banishment
  2449 | D:2      | HP: 14/56 [poisoned by Gorglomux's ghost]
  2456 | D:2      | HP: 14/56 [poisoned by Gorglomux's ghost]
  2464 | D:2      | HP: 13/56 [poisoned by Gorglomux's ghost]
  2679 | D:2      | XOM: give mutations
  2679 | D:2      | Gained mutation: You passively map a small area around you. [Xom's grace]
  2679 | D:2      | Gained mutation: You have a pair of small horns on your head. [Xom's grace]
  2805 | D:3      | XOM: cast spell 'Summon Horrible Things'
  2812 | D:3      | Killed Gorglomux's ghost
  2838 | D:3      | XOM: scenery: create altars
  3024 | D:3      | XOM: give mutations
  3024 | D:3      | Gained mutation: You are somewhat resistant to further mutation. [Xom's grace]
  3024 | D:3      | Gained mutation: You are robust. (+10% HP) [Xom's grace]
  3111 | D:4      | Reached skill level 5 in Polearms
  3111 | D:4      | Reached skill level 4 in Dodging
  3351 | D:4      | XOM: fog
  3351 | D:4      | XOM: smoke on damage
  3357 | D:4      | XOM: smoke on damage
  3499 | D:4      | XOM: 4-stop teleportation journey
  3571 | D:4      | Found a stormy altar of Qazlal.
  3690 | D:4      | XOM: stat loss: -1 Int (11/12)
  3710 | D:4      | Found a staircase to the Ecumenical Temple.
  3745 | Temple   | Entered the Ecumenical Temple
  3942 | D:4      | Your scales start taking on a dull iron-grey colour.
  3942 | D:4      | Reached XP level 7. HP: 67/68 MP: 7/7
  3942 | D:4      | Gained mutation: You can survive without breathing. [Grey Draconian growth]
  3947 | D:4      | Noticed emiel's ghost (amateur BaTm)
  3947 | D:4      | XOM: polymorph bat -> river rat
  3959 | D:4      | XOM: summons 2 hostile demons
  3961 | D:4      | XOM: polymorph iron imp -> crimson imp
  3975 | D:4      | XOM: summons 1 hostile demon
  3982 | D:4      | XOM: noise
  4012 | D:4      | XOM: enchant monster (bad)
  4016 | D:4      | XOM: stat loss: -1 Dex (12/13)
  4033 | D:4      | Killed emiel's ghost
  4033 | D:4      | Reached skill level 6 in Fighting
  4266 | D:4      | Reached skill level 6 in Polearms
  4353 | D:5      | Entered Level 5 of the Dungeon
  4422 | D:5      | Noticed Eustachio
  4439 | D:5      | Killed Eustachio
  4562 | D:5      | Reached skill level 7 in Polearms
  4632 | D:5      | Reached XP level 8. HP: 77/77 MP: 8/8
  4762 | D:5      | XOM: polymorph adder -> killer bee
  4806 | D:5      | Found a glowing drain.
  4827 | Sewer    | Entered a sewer
  4862 | Sewer    | Reached skill level 8 in Polearms
  5640 | D:6      | XOM: chaos upgrade
  5796 | D:6      | Found Wioblik's General Store.
  5860 | D:6      | Found a radiant altar of Vehumet.
  5867 | D:6      | XOM: 6-stop teleportation journey
  5883 | D:6      | XOM: fake destruction
  5885 | D:6      | XOM: scenery: create altars
  5887 | D:6      | Reached skill level 9 in Polearms
  5935 | D:6      | XOM: scenery: create altars
  5966 | D:6      | Found Jywkorar's Armour Shoppe.
  5978 | D:6      | Bought a scarf of repulsion for 180 gold pieces
  6129 | D:7      | XOM: enchant monster (good)
  6149 | D:7      | XOM: cloud trail
  6246 | D:7      | XOM: enchant monster (good)
  6250 | D:7      | Reached skill level 10 in Polearms
  6319 | D:7      | Noticed Pikel
  6326 | D:7      | XOM: cast spell 'Summon Ice Beast'
  6353 | D:7      | XOM: summons friendly iron imp
  6375 | D:7      | Killed Pikel
  6375 | D:7      | Reached XP level 9. HP: 69/82 MP: 9/9
  6416 | D:7      | Reached skill level 11 in Polearms
  6438 | D:7      | XOM: cast spell 'Cause Fear'
  6841 | D:7      | Found a runed door.
  7052 | D:7      | XOM: harmless Chrm miscast
  7124 | D:7      | Noticed Crazy Yiuf
  7136 | D:7      | Killed Crazy Yiuf
  7226 | D:8      | Reached skill level 1 in Staves
  7264 | D:8      | Reached skill level 3 in Staves
  7278 | D:8      | XOM: divination: detect creatures
  7353 | D:8      | XOM: 2-stop teleportation journey
  7397 | D:8      | Reached skill level 4 in Staves
  7419 | D:8      | XOM: divination: detect items
  7443 | D:8      | Noticed a two-headed ogre
  7450 | D:8      | XOM: fog
  7474 | D:8      | Killed a two-headed ogre
  7474 | D:8      | Reached skill level 5 in Staves
  7474 | D:8      | Reached XP level 10. HP: 37/91 MP: 10/10
  7510 | D:8      | XOM: 1-stop teleportation journey
  7513 | D:8      | Noticed Erica
  7555 | D:8      | Killed Erica
  7555 | D:8      | Reached skill level 7 in Staves
  7815 | D:8      | Noticed a two-headed ogre
  7817 | D:8      | Noticed Psyche
  7819 | D:8      | Noticed Psyche
  7819 | D:8      | Psyche changed into Psyche the big kobold
  7819 | D:8      | XOM: polymorph Psyche -> Psyche the big kobold
  7838 | D:8      | Killed a two-headed ogre
  7838 | D:8      | Reached skill level 8 in Staves
  7845 | D:8      | Killed Psyche the big kobold
  7985 | D:8      | Noticed Joseph
  7989 | D:8      | XOM: enchant monster (good)
  7995 | D:8      | Killed Joseph
  7995 | D:8      | Reached skill level 9 in Staves
  7995 | D:8      | XOM: medium Erth miscast
  8315 | D:9      | XOM: give mutations
  8315 | D:9      | Gained mutation: Your spells are a little easier to cast, but a little less powerful. [Xom's mischief]
  8315 | D:9      | Gained mutation: Your magical capacity is low. (-10% MP) [Xom's mischief]
  8315 | D:9      | Gained mutation: You are somewhat resistant to both further mutation and mutation removal. [Xom's mischief]
  8320 | D:9      | Noticed a two-headed ogre
  8332 | D:9      | XOM: fake destruction
  8338 | D:9      | Killed a two-headed ogre
  8338 | D:9      | Reached skill level 10 in Staves
  8373 | D:9      | XOM: swap monsters
  8374 | D:9      | Noticed a fire crab
  8374 | D:9      | a hippogriff changed into a fire crab
  8378 | D:9      | HP: 21/91 [fire crab (shapeshifter) (8)]
  8379 | D:9      | XOM: noise
  8381 | D:9      | HP: 6/91 [fire crab (shapeshifter) (15)]
  8381 | D:9      | Slain by a fire crab (shapeshifter)

Vault maps used:
D:1:      lightli_arrival_farm, ashenzari_altar_1
D:2:      fiery_altar_vehumet, uniq_sigmund
D:4:      minmay_temple_entry_hall, nicolae_qazlal_eye_of_the_storm
D:5:      first_bread, cheibrodos_sewer_entry_bend, uniq_eustachio
D:6:      serial_shops, shop, shop, minmay_misc_feat_enclosed, st_stairs_14,
          vehumet_altar_wand_db
D:7:      the_bakery, uniq_pikel, uniq_crazy_yiuf_cottage
D:8:      minmay_four_partial_circles, uniq_psyche, uniq_erica, uniq_joseph
D:9:      grunt_lair_entry_orc_guard_hut, nemelex_dance_club_becter
Temple:   nicolae_temple_the_god_donut
Sewer:    sewer_co_cracked_pipes

Skill      XL: |  1  2  3  4  5  6  7  8  9 10 |
---------------+-------------------------------+-----
Fighting       | 4 5 6 |  6.1
Polearms       | 4 5 7 10 11 | 11.8
Dodging        | 3 4 |  4.7
Staves         | 5 10 | 10.1

Action                   |  1- 3 |  4- 6 |  7- 9 | 10-12 || total
-------------------------+-------+-------+-------+-------++-------
Melee: Spear             |   125 |   182 |   521 |       ||   828
       Tailslap          |     7 |    13 |    64 |    14 ||    98
       Headbutt          |       |    17 |    85 |    28 ||   130
       Quarterstaff      |       |       |    51 |   131 ||   182
Evoke: Wand              |       |       |     1 |     1 ||     2
  Use: Potion            |     1 |       |       |     2 ||     3
       Scroll            |       |       |     1 |       ||     1
 Stab: Sleeping          |     3 |     5 |     7 |       ||    15
       Paralysed         |       |     5 |     4 |     7 ||    16
       Petrified         |       |       |     7 |     2 ||     9
       Confused          |       |       |     7 |     5 ||    12
       Petrifying        |       |       |     6 |     1 ||     7
  Eat: Chunk             |     1 |     7 |    12 |     3 ||    23
       Fruit             |       |     2 |       |       ||     2
Armor: Skin              |    19 |    45 |   102 |    30 ||   196
Dodge: Dodged            |    47 |    68 |   211 |    59 ||   385
       Deflected         |       |       |     1 |     1 ||     2

Vault maps used:
D:1:      lightli_arrival_farm, ashenzari_altar_1
D:2:      fiery_altar_vehumet, uniq_sigmund
D:4:      minmay_temple_entry_hall, nicolae_qazlal_eye_of_the_storm
D:5:      first_bread, cheibrodos_sewer_entry_bend, uniq_eustachio
D:6:      serial_shops, shop, shop, minmay_misc_feat_enclosed, st_stairs_14,
          vehumet_altar_wand_db
D:7:      the_bakery, uniq_pikel, uniq_crazy_yiuf_cottage
D:8:      minmay_four_partial_circles, uniq_psyche, uniq_erica, uniq_joseph
D:9:      grunt_lair_entry_orc_guard_hut, nemelex_dance_club_becter
Temple:   nicolae_temple_the_god_donut
Sewer:    sewer_co_cracked_pipes

Table legend:
 A = Turns spent in this place as a percentage of turns spent in the entire game.
 B = Non-inter-level travel turns spent in this place as a percentage of non-inter-level travel turns spent in the entire game.
 C = Inter-level travel turns spent in this place as a percentage of turns spent in this place.
 D = Turns resting spent in this place as a percentage of non-inter-level travel turns spent in this place.
 E = Turns spent auto-exploring this place as a percentage of non-inter-level travel turns spent in this place.
 F = Non-inter-level travel turns spent in this place divided by the number of levels of this place that you've seen.
                   A       B       C       D       E      F
               +-------+-------+-------+-------+-------+----------------------
         Total | 100.0 | 100.0 |   0.3 |   1.8 |   8.2 | 266.0
       Dungeon |  92.9 |  92.9 |   0.3 |   1.8 |   8.3 | 329.3
        Temple |   0.0 |   0.0 |   0.0 |   0.0 |   0.0 |   1.0
         Abyss |   0.0 |   0.0 |  -nan |  -nan |  -nan |   0.0
         Sewer |   7.1 |   7.1 |   0.0 |   1.8 |   7.0 | 227.0
               +-------+-------+-------+-------+-------+----------------------

Table legend:
 A = Kills in this place as a percentage of kills in entire the game.
 B = Kills by you in this place as a percentage of kills by you in the entire game.
 C = Kills by friends in this place as a percentage of kills by friends in the entire game.
 D = Other kills in this place as a percentage of other kills in the entire game.
 E = Experience gained in this place as a percentage of experience gained in the entire game.
 F = Experience gained in this place divided by the number of levels of this place that you have seen.
                   A       B       C       D       E      F
               +-------+-------+-------+-------+-------+----------------------
         Total | 100.0 | 100.0 | 100.0 | 100.0 | 100.0 | 865.7
       Dungeon |  89.3 |  89.1 | 100.0 | 100.0 |  99.5 | 1148.1
         Sewer |  10.7 |  10.9 |   0.0 |   0.0 |   0.5 |  55.0
               +-------+-------+-------+-------+-------+----------------------
